 Dungeon Crawl Stone Soup version 0.30-a0-738-g116ff8c4af (webtiles) character file.

Game seed: 925011847610427893

264 bmack86 the Chopper (level 5, -4/47 HPs)
             Began as a Minotaur Fighter on Feb 4, 2023.
             Was an Initiate of Okawaru.
             Slain by Menkaure (15 damage)
             ... on level 4 of the Dungeon.
             The game lasted 00:07:55 (2370 turns).

bmack86 the Chopper (Minotaur Fighter)              Turns: 2370, Time: 00:07:56

Health: -4/47      AC: 11    Str: 23    XL:     5   Next: 98%
Magic:  4/4        EV:  9    Int:  5    God:    Okawaru [......]
Gold:   177        SH:  5    Dex:  9    Spells: 4/4 levels left

rFire   . . .      SeeInvis .    a - +0 war axe
rCold   . . .      Faith    .    c - +1 buckler
rNeg    . . .      Spirit   .    b - +0 scale mail
rPois   .          Reflect  .    (helmet restricted)
rElec   .          Harm     .    (no cloak)
rCorr   .          Rampage  .    (no gloves)
Will    .....                    (no boots) Stlth
                                 (no amulet)
HPRegen 0.27/turn                i - +4 ring of protection
MPRegen 0.09/turn                (no ring)

@: no status effects
A: horns 2, retaliatory headbutt
a: Renounce Religion


You were on level 4 of the Dungeon.
You worshipped Okawaru.
Okawaru was noncommittal.
You visited 1 branch of the dungeon, and saw 4 of its levels.

You collected 177 gold pieces.

Inventory:

Hand Weapons
 a - a +0 war axe (weapon)
Missiles
 j - a curare-tipped dart (quivered)
Armour
 b - a +0 scale mail (worn)
 c - a +1 buckler (worn)
Jewellery
 i - a +4 ring of protection (left hand)
 n - an amulet of faith
Wands
 q - a wand of paralysis (7)
Potions
 d - a potion of might
 e - 2 potions of mutation {unknown}
 f - a potion of degeneration {unknown}
 g - a potion of heal wounds {unknown}
 h - a potion of brilliance {unknown}
 k - 3 potions of invisibility
 m - 4 potions of curing
 p - a potion of flight {unknown}


   Skills:
 + Level 4.7 Fighting
 * Level 4.9 Axes
 + Level 1.6 Throwing
 + Level 4.6 Armour
 + Level 4.6 Shields
 + Level 0.5 Invocations


You had 4 spell levels left.
You didn't know any spells.
Your spell library contained the following spells:

 Spells                   Type           Power      Damage    Failure   Level
 Vampiric Draining        Necr           0%         2d6       99%         3
 Iskenderun's Mystic Bla  Conj/Tloc      0%         2d3       100%        4


Dungeon Overview and Level Annotations

Branches:
Dungeon (4/15)
 Temple: D:4-7

Altars:
Okawaru
Xom

Shops:
D:3 (

Annotations:
D:4 Menkaure


Innate Abilities, Weirdness & Mutations

You have a pair of horns on your head.
You reflexively headbutt those who attack you in melee.


Message History

You headbutt the necrophage, but do no damage.
The necrophage is almost destroyed.
The necrophage hits you.
You hit the necrophage.
You headbutt the necrophage, but do no damage.
The necrophage is almost destroyed.
The necrophage barely misses you. x2
You barely miss the necrophage. You headbutt the necrophage.
You destroy the necrophage!
Okawaru accepts your kill.
Your life force feels restored.
HP restored.
Found a stone staircase leading down.
There is a stone staircase leading down here.
You open the door.
There is an open door here.
You open the door.
There is an open door here.
Found a stone staircase leading up.
There is a stone staircase leading up here.
You now have 177 gold pieces (gained 14).
You open the door.
Menkaure, Prince of Dust comes into view.
Menkaure shouts!
You throw a curare-tipped dart. The curare-tipped dart hits Menkaure.
You throw a curare-tipped dart.
The curare-tipped dart barely misses Menkaure.
Menkaure shouts, "The sands of time shall wipe you from history!"
Menkaure calls on the powers of darkness!
Your body is wracked with pain!
Menkaure hits you!
* * * LOW HITPOINT WARNING * * *
There is an open door, spattered with blood here.
You hit Menkaure.
Menkaure is moderately damaged.
Menkaure barely misses you. Menkaure hits you but does no damage.
You hit Menkaure but do no damage.
Menkaure is moderately damaged.
Menkaure hits you!
You die...

#.........###
...#.##......#
...........#....
...#.##...##.###
# ##........
#.###.###.###
#.........#
#####'#####
#.@M# #.....#
#..(....#
#.........#
+.........+
#.........#
##.......##
##.....##


You could see Menkaure.

Vanquished Creatures
  2 necrophages (D:4)
  3 gnolls (D:2)
  4 adders
  6 dart slugs
  3 bats
  6 endoplasms
  9 giant cockroaches
  8 hobgoblins
  4 jackals (D:2)
  A quokka (D:2)
  4 ball pythons
  7 frilled lizards
  3 goblins
  3 kobolds (D:3)
  7 rats
70 creatures vanquished.

Vanquished Creatures (others)
  3 fungi (D:2)
  A plant (D:2)
4 creatures vanquished.

Grand Total: 74 creatures vanquished

Notes
Turn   | Place    | Note
-------+----------+-------------------------------------------
     0 | D:1      | bmack86 the Minotaur Fighter began the quest for the Orb.
     0 | D:1      | Reached XP level 1. HP: 19/19 MP: 0/0
    48 | D:1      | Got the Codex of Scintillating Darkness
   178 | D:1      | Reached XP level 2. HP: 25/27 MP: 1/1
   480 | D:1      | Reached XP level 3. HP: 33/33 MP: 2/2
  1086 | D:2      | Reached XP level 4. HP: 31/40 MP: 3/3
  1386 | D:2      | Reached skill level 1 in Throwing
  1576 | D:2      | Found a faded altar of an unknown god.
  1696 | D:3      | Reached XP level 5. HP: 42/47 MP: 4/4
  1926 | D:3      | Found a shimmering altar of Xom.
  1927 | D:3      | You fall into a shaft and drop 1 floor!
  2067 | D:3      | Found Bokeseth's Weapon Shop.
  2169 | D:4      | Found an iron altar of Okawaru.
  2189 | D:4      | Became a worshipper of Warmaster Okawaru
  2363 | D:4      | Noticed Menkaure
  2370 | D:4      | Slain by Menkaure

Illustrated notes

Levels and vault maps discovered:
D:1:      lightli_iron_boxes, layout_basic, minmay_worlds_worst_comb
D:2:      layout_loops_cross, shapermc_ecumenical_altar_hornbeckon, st_stairs_5
D:3:      layout_rooms, mainiacjoe_overflow_concentric_impassable, serial_shops,
          shop, solitary_fountain
D:4:      layout_loops_corners, mainiacjoe_overflow_cross_hatched,
          amcnicky_altar_gilded, mainiacjoe_overflow_surrounded_room,
          uniq_pikel, uniq_menkaure, uniq_crazy_yiuf_cottage

Skill      XL: |  1  2  3  4 |
---------------+-------------+-----
Axes           | 3 4 |  4.9
Fighting       | 4 |  4.7
Armour         | 4 |  4.6
Shields        | 4 |  4.6
Throwing       | 1 |  1.6
Invocations    | |  0.5

Action                     |  1- 3 |  4- 6 || total
---------------------------+-------+-------++-------
  Melee: War axe           |    81 |    64 ||   145
         Headbutt          |     7 |    10 ||    17
  Throw: Dart              |       |     5 ||     5
    Use: Scroll            |     1 |     6 ||     7
 Armour: Scale mail        |    50 |    40 ||    90
  Dodge: Dodged            |    56 |    38 ||    94
  Block: Buckler           |    19 |    15 ||    34

Table legend: (Time is in decaauts)
 A = Elapsed time spent in this place.
 B = Non-inter-level travel time spent in this place.
 C = Inter-level travel time spent in this place.
 D = Time resting spent in this place.
 E = Time spent auto-exploring this place.
 F = Levels seen in this place.
 G = Mean time per level.
                   A        B        C        D        E       F      G
               +--------+--------+--------+--------+--------+-----+--------+
         Total |   2425 |   2352 |     73 |      0 |   1584 |   4 |  606.2 |
       Dungeon |   2425 |   2352 |     73 |      0 |   1584 |   4 |  606.2 |
               +--------+--------+--------+--------+--------+-----+--------+

Top non-repeatable levels by time:
     D:1: 880 daAuts
     D:2: 813 daAuts
     D:3: 487 daAuts
     D:4: 244 daAuts
